 Dungeon Crawl Stone Soup version 0.30-a0-161-gdd60e06945 (webtiles) character file.

Game seed: 9939117696997957419

723 qw the Chopper (level 7, 0/43 HPs)
             Began as a Gargoyle Fighter on Sept 27, 2022.
             Slain by Pikel
             ... wielding a +0 whip of flaming
              (1 damage)
             ... on level 5 of the Dungeon.
             The game lasted 00:02:22 (5853 turns).

qw the Chopper (Gargoyle Fighter)                   Turns: 5853, Time: 00:02:22

Health: 0/43       AC: 18    Str: 21    XL:     7   Next: 71%
Magic:  7/7        EV:  5    Int:  9    God:
Gold:   220        SH:  4    Dex:  9    Spells: 6/6 levels left

rFire   . . .      SeeInvis .    e - +0 hand axe (vamp)
rCold   . . .      Faith    .    c - +0 buckler
rNeg    + + .      Spirit   .    p - +0 plate armour
rPois   inf        Reflect  .    o - +0 helmet
rElec   +          Harm     .    (no cloak)
rCorr   .          Rampage  .    (no gloves)
Will    .....                    (no boots)
Stlth   ..........               (no amulet)
HPRegen 0.14/turn                j - ring of positive energy
MPRegen 0.10/turn                (no ring)

@: no status effects
A: sickness immunity, AC +4, negative energy resistance 1, electricity
resistance, torment resistance 1, petrification resistance
a: no special abilities


You were on level 5 of the Dungeon.
You visited 1 branch of the dungeon, and saw 5 of its levels.

You collected 220 gold pieces.


Innate Abilities, Weirdness & Mutations

You are immune to sickness and miasma.
Your stone body is resilient. (AC +4)
You are immune to poison.
You resist negative energy. (rN+)
You are resistant to electric shocks. (rElec)
You are resistant to unholy torment.
You are immune to petrification.


   Skills:
 - Level 4.1 Fighting
 + Level 6.9 Axes
 - Level 4.6 Armour
 - Level 3.2 Shields


You had 6 spell levels left.
You didn't know any spells.
Your spell library was empty.

Inventory:

Hand Weapons
 e - a +0 vampiric hand axe (weapon)
 f - a +0 war axe
 g - a +0 flail
Armour
 c - a +0 buckler (worn)
 o - a +0 helmet (worn)
 p - a +0 plate armour (worn)
Jewellery
 h - a ring of ice
 j - a ring of positive energy (left hand)
Scrolls
 n - a scroll of identify
Potions
 a - a potion of attraction
 b - a potion of brilliance {unknown}
 d - 3 potions of might
 k - a potion of berserk rage {unknown}
 l - a potion of invisibility {unknown}
 m - a potion of curing {unknown}
 q - a potion of flight {unknown}
 r - a potion of lignification {unknown}

Dungeon Overview and Level Annotations

Branches:
Dungeon (5/15)
 Temple: D:4-7

Altars:
Wu Jian

Annotations:
D:5 Pikel


Message History

Pikel hits you with a +0 whip of flaming.
Pikel burns you. The lemure hits you.
You closely miss Pikel.
Pikel is moderately wounded.
You closely miss the lemure. The lemure barely misses you.
Pikel hits you but does no damage.
You closely miss Pikel.
Pikel is moderately wounded.
You hit the lemure.
Pikel hits you with a +0 whip of flaming.
Pikel burns you. The lemure hits you.
You closely miss Pikel.
Pikel is moderately wounded.
You hit the lemure. The lemure hits you but does no damage.
Pikel barely misses you.
You barely miss Pikel.
Pikel is moderately wounded.
You hit the lemure. You block Pikel's attack. The lemure barely misses you.
You hit the lemure.
The lemure is heavily wounded.
You hit Pikel but do no damage. The lemure hits you but does no damage.
Pikel hits you but does no damage.
You closely miss the lemure.
The lemure is heavily wounded.
You hit Pikel.
You feel better. Pikel barely misses you.
The lemure hits you but does no damage.
You hit the lemure.
The lemure is severely wounded.
You hit Pikel but do no damage. You hit the lemure.
The lemure is severely wounded.
You hit Pikel but do no damage. Pikel hits you but does no damage.
The lemure hits you.
You barely miss the lemure.
The lemure is severely wounded.
You closely miss Pikel.
Pikel hits you with a +0 whip of flaming!
Pikel burns you.
You die...

#..#...............
#..##........[...>#
#..###...........#
. #... ##.........#
.. #... ##.......#
... ... ##....###
##.. ... ##...##
#55# ##...###55#
##...#@K# ##....##
.........##
....)....#
....#####.# #### ##


You could see Pikel and 4 lemures.

Vanquished Creatures
  A black bear (D:5)
  An ice beast (D:5)
  2 ogres
  A howler monkey (D:4)
  A hound (D:4)
  A jelly (D:5)
  2 iguanas
  An orc wizard (D:4)
  5 adders
  3 gnolls (D:5)
  A white imp (D:5)
  2 worms
  6 dart slugs
  15 orcs
  9 ball pythons
  7 bats
  5 endoplasms
  2 giant cockroaches
  10 goblins
  6 hobgoblins
  4 jackals (D:1)
  6 kobolds
  6 quokkas
  3 frilled lizards (D:3)
  8 rats
108 creatures vanquished.

Notes
Turn   | Place    | Note
-------+----------+-------------------------------------------
     0 | D:1      | qw the Gargoyle Fighter began the quest for the Orb.
     0 | D:1      | Reached XP level 1. HP: 14/14 MP: 1/1
     0 | D:1      | 0 ||| qw: Version: 0.2-a-10-g37ed214
     0 | D:1      | 0 ||| qw: Game counter: 680
     0 | D:1      | 0 ||| qw: Always use a shield: true
     0 | D:1      | 0 ||| qw: God list: Okawaru
     0 | D:1      | 0 ||| qw: Allow faded altars: false
     0 | D:1      | 0 ||| qw: Do Orc after D:15 true
     0 | D:1      | 0 ||| qw: Do second Lair branch before Depths: true
     0 | D:1      | 0 ||| qw: Lair rune preference: random
     0 | D:1      | 0 ||| qw: Plans: Normal, Zot:1-4, God:TSO, Crypt, Tomb,
                  | Pan, Slime:5, Hells, Abyss, Orb
     0 | D:1      | 0 ||| PLANNING D:1-11
   238 | D:1      | 238 ||| Stepping ~*~*~tactically~*~*~ (hiding).
   244 | D:1      | Reached skill level 2 in Axes
   403 | D:1      | Reached XP level 2. HP: 19/19 MP: 2/2
   406 | D:1      | You fall into a shaft and drop 1 floor!
   600 | D:2      | Reached skill level 3 in Axes
   600 | D:2      | 600 ||| UPGRADING to +0 chain mail.
   610 | D:2      | 610 ||| DROPPING +0 scale mail.
   646 | D:2      | 646 ||| STAIRDANCE
   728 | D:1      | 728 ||| Stepping ~*~*~tactically~*~*~ (stealth).
   730 | D:1      | Reached XP level 3. HP: 23/23 MP: 3/3
   732 | D:1      | 732 ||| Stepping ~*~*~tactically~*~*~ (stealth).
   736 | D:1      | 736 ||| Stepping ~*~*~tactically~*~*~ (stealth).
   742 | D:1      | 742 ||| Stepping ~*~*~tactically~*~*~ (stealth).
   891 | D:1      | 891 ||| Stepping ~*~*~tactically~*~*~ (stealth).
  1091 | D:1      | 1091 ||| Stepping ~*~*~tactically~*~*~ (stealth).
  1442 | D:1      | 1442 ||| READING 2 scrolls labelled NEQOPN BAJIR.
  1543 | D:1      | 1543 ||| READING scroll labelled XOIVOD TOA.
  1544 | D:1      | 1544 ||| READING scroll labelled INNAZA UQUAMICAS.
  1545 | D:1      | 1545 ||| DROPPING scroll of silence.
  1662 | D:2      | Reached XP level 4. HP: 25/28 MP: 4/4
  1848 | D:2      | 1848 ||| Stepping ~*~*~tactically~*~*~ (hiding).
  1849 | D:2      | 1849 ||| Stepping ~*~*~tactically~*~*~ (hiding).
  2035 | D:2      | 2035 ||| DROPPING +0 club.
  2092 | D:2      | 2092 ||| UPGRADING to +1 chain mail of willpower.
  2102 | D:2      | 2102 ||| DROPPING +0 chain mail.
  2103 | D:2      | 2103 ||| READING scroll labelled WOAFOEJIHAU.
  2104 | D:2      | 2104 ||| READING scroll labelled MENECZO TASE.
  2105 | D:2      | 2105 ||| READING 2 scrolls labelled WIPNEU SONTETU.
  2106 | D:2      | 2106 ||| DRINKING 2 black potions.
  2107 | D:2      | 2107 ||| READING 2 scrolls of identify.
  2107 | D:2      | 2107 ||| IDENTIFYING amethyst potion
  2108 | D:2      | 2108 ||| DROPPING potion of degeneration.
  2109 | D:2      | 2109 ||| DROPPING scroll of magic mapping.
  2138 | D:3      | 2138 ||| STAIRDANCE
  2148 | D:2      | Reached skill level 4 in Axes
  2161 | D:3      | 2161 ||| STAIRDANCE
  2207 | D:3      | 2207 ||| STAIRDANCE
  2217 | D:3      | 2217 ||| STAIRDANCE
  2483 | D:3      | 2483 ||| Stepping ~*~*~tactically~*~*~ (hiding).
  2498 | D:3      | 2498 ||| FLEEEEING.
  2549 | D:3      | 2549 ||| SWAPPING to +0 vampiric hand axe.
  2582 | D:3      | Reached XP level 5. HP: 32/32 MP: 5/5
  2583 | D:3      | 2583 ||| Stepping ~*~*~tactically~*~*~ (stealth).
  2591 | D:3      | 2591 ||| Stepping ~*~*~tactically~*~*~ (stealth).
  2596 | D:3      | 2596 ||| Stepping ~*~*~tactically~*~*~ (stealth).
  2623 | D:3      | 2623 ||| DROPPING +0 whip.
  2720 | D:3      | 2720 ||| Stepping ~*~*~tactically~*~*~ (stealth).
  2815 | D:3      | 2815 ||| Stepping ~*~*~tactically~*~*~ (stealth).
  2874 | D:3      | 2874 ||| Stepping ~*~*~tactically~*~*~ (stealth).
  3032 | D:3      | Found an ornate altar of the Wu Jian Council.
  3087 | D:3      | 3087 ||| UPGRADING to +0 helmet.
  3092 | D:3      | 3092 ||| UPGRADING to +0 plate armour.
  3102 | D:3      | 3102 ||| DROPPING +1 chain mail of willpower.
  3103 | D:3      | 3103 ||| READING scroll labelled WEUWNU YGAZANK.
  3104 | D:3      | 3104 ||| READING scroll labelled DYTIAR PEOV.
  3109 | D:3      | 3109 ||| READING scroll labelled CIDUDW PYAMYUMOME.
  3149 | D:4      | 3149 ||| Stepping ~*~*~tactically~*~*~ (stealth).
  3151 | D:4      | Reached skill level 5 in Axes
  3210 | D:4      | 3210 ||| Stepping ~*~*~tactically~*~*~ (stealth).
  3280 | D:4      | 3280 ||| Stepping ~*~*~tactically~*~*~ (stealth).
  3285 | D:4      | 3285 ||| Stepping ~*~*~tactically~*~*~ (stealth).
  3288 | D:4      | 3288 ||| Stepping ~*~*~tactically~*~*~ (hiding).
  3292 | D:4      | 3292 ||| Stepping ~*~*~tactically~*~*~ (hiding).
  3328 | D:4      | Reached XP level 6. HP: 28/38 MP: 6/6
  3657 | D:4      | 3657 ||| Stepping ~*~*~tactically~*~*~ (stealth).
  4222 | D:4      | 4222 ||| UPGRADING to ring of positive energy.
  4223 | D:4      | 4223 ||| READING scroll labelled TITTUE HALE.
  4231 | D:5      | Entered Level 5 of the Dungeon
  4337 | D:5      | 4337 ||| FLEEEEING.
  4338 | D:5      | 4338 ||| FLEEEEING.
  4339 | D:5      | 4339 ||| FLEEEEING.
  4340 | D:5      | 4340 ||| STAIRDANCE
  4449 | D:5      | Noticed a black bear
  4450 | D:5      | 4450 ||| STAIRDANCE
  4457 | D:4      | Reached skill level 6 in Axes
  4501 | D:5      | HP: 9/38 [black bear (2)]
  4502 | D:5      | 4502 ||| READING 2 scrolls of teleportation.
  4503 | D:5      | HP: 4/38 [black bear (1)]
  4843 | D:5      | 4843 ||| FLEEEEING.
  4844 | D:5      | 4844 ||| FLEEEEING.
  4845 | D:5      | 4845 ||| FLEEEEING.
  4846 | D:5      | 4846 ||| FLEEEEING.
  4847 | D:5      | 4847 ||| FLEEEEING.
  4848 | D:5      | 4848 ||| FLEEEEING.
  4849 | D:5      | 4849 ||| FLEEEEING.
  4850 | D:5      | 4850 ||| FLEEEEING.
  4851 | D:5      | 4851 ||| FLEEEEING.
  4852 | D:5      | 4852 ||| FLEEEEING.
  4853 | D:5      | 4853 ||| FLEEEEING.
  4854 | D:5      | 4854 ||| FLEEEEING.
  4855 | D:5      | 4855 ||| STAIRDANCE
  4952 | D:5      | 4952 ||| Stepping ~*~*~tactically~*~*~ (hiding).
  4953 | D:5      | 4953 ||| Stepping ~*~*~tactically~*~*~ (hiding).
  5085 | D:5      | 5085 ||| Stepping ~*~*~tactically~*~*~ (stealth).
  5086 | D:5      | 5086 ||| Stepping ~*~*~tactically~*~*~ (stealth).
  5107 | D:5      | Reached XP level 7. HP: 43/43 MP: 7/7
  5285 | D:5      | 5285 ||| Stepping ~*~*~tactically~*~*~ (hiding).
  5308 | D:5      | HP: 6/43 [ice beast (8)]
  5309 | D:5      | 5309 ||| READING scroll of teleportation.
  5312 | D:5      | 5312 ||| FLEEEEING.
  5313 | D:5      | 5313 ||| FLEEEEING.
  5314 | D:5      | 5314 ||| FLEEEEING.
  5315 | D:5      | 5315 ||| FLEEEEING.
  5316 | D:5      | 5316 ||| FLEEEEING.
  5317 | D:5      | 5317 ||| FLEEEEING.
  5318 | D:5      | 5318 ||| FLEEEEING.
  5319 | D:5      | 5319 ||| FLEEEEING.
  5320 | D:5      | 5320 ||| FLEEEEING.
  5321 | D:5      | 5321 ||| FLEEEEING.
  5322 | D:5      | 5322 ||| FLEEEEING.
  5323 | D:5      | 5323 ||| FLEEEEING.
  5324 | D:5      | 5324 ||| FLEEEEING.
  5325 | D:5      | 5325 ||| FLEEEEING.
  5326 | D:5      | 5326 ||| FLEEEEING.
  5331 | D:5      | 5331 ||| STAIRDANCE
  5581 | D:5      | 5581 ||| STAIRDANCE
  5824 | D:5      | Noticed Pikel
  5846 | D:5      | HP: 10/43 [lemure[Pikel] (5)]
  5852 | D:5      | HP: 8/43 [lemure[Pikel] (3)]
  5853 | D:5      | HP: 1/43 [Pikel/+0 whip of flaming (8)]
  5853 | D:5      | Slain by Pikel

Levels and vault maps discovered:
D:1:      lemuel_arrival_hallway, layout_basic, serial_corexii_hall,
          corexii_hall_statues_i, chequers_hall_statues_wall_a,
          corexii_hall_statues_s, corexii_hall_statues_i
D:2:      layout_rooms, minmay_misc_feat_room
D:3:      layout_rooms, mainiacjoe_overflow_tiny_flanked
D:4:      layout_loops_ring, chequers_serial_rivers_room_a, amethyst_killhole
D:5:      layout_cave_pods, kennysheep_generic_room_10, uniq_pikel

Skill      XL: |  1  2  3  4  5  6  7 |
---------------+----------------------+-----
Axes           | 2 3 4 5 6 |  6.9
Fighting       | 4 |  4.1
Armour         | 4 |  4.6
Shields        | |  3.2

Action                   |  1- 3 |  4- 6 |  7- 9 || total
-------------------------+-------+-------+-------++-------
Melee: War axe           |    85 |    64 |       ||   149
       Hand axe          |       |   261 |    89 ||   350
  Use: Scroll            |     3 |     9 |     1 ||    13
       Potion            |       |     1 |       ||     1
Armor: Scale mail        |     7 |       |       ||     7
       Chain mail        |    54 |    90 |       ||   144
       Plate armour      |       |   139 |    57 ||   196
Dodge: Dodged            |    22 |    85 |    20 ||   127
Block: Buckler           |    15 |    51 |    20 ||    86

Table legend:
 A = Non-vault XP
 B = Vault XP
 C = Vault XP percentage of total XP
 D = Non-vault monster count
 E = Vault monster count
 F = Vault count percentage of total count
                 A         B        C        D         E       F
            +---------+---------+-------+---------+---------+-------
      Total |    1034 |       0 |   0.0 |     108 |       0 |   0.0
            +---------+---------+-------+---------+---------+-------
        D:1 |      47 |       0 |   0.0 |      24 |       0 |   0.0
        D:2 |      54 |       0 |   0.0 |      21 |       0 |   0.0
        D:3 |     115 |       0 |   0.0 |      27 |       0 |   0.0
        D:4 |     313 |       0 |   0.0 |      26 |       0 |   0.0
        D:5 |     505 |       0 |   0.0 |      10 |       0 |   0.0
            +---------+---------+-------+---------+---------+-------
